| TOP OF THE 1ST |
|
El Paso Chihuahuas batting - Pitching for El Paso Sun Kings : RHP Grady Warren
|
|
Pitching: RHP Grady Warren
|
|
|
Batting: LHB Andy Van Slyke
|
0-0: Ball 1-0: Called Strike 1-1: Ball 2-1: Ground out 4-3 (Groundball, 4, EV 81.3 MPH)
|
|
Batting: RHB Steven Murray
|
0-0: Swinging Strike 0-1: Foul Ball, location: 2F 0-2: Ball 1-2: Ball 2-2: Ball 3-2: Base on Balls
|
|
Batting: RHB Jesse Vann
|
0-0: Called Strike 0-1: Ball 1-1: SINGLE (Line Drive, 8LS, EV 99.4 MPH) Steven Murray to second
|
|
Batting: LHB Dan Murphy
|
0-0: Ball 1-0: Ball 2-0: Ball 3-0: Called Strike 3-1: Base on Balls Steven Murray to third Jesse Vann to second
|
|
Batting: RHB Tom Roarke
|
0-0: Called Strike 0-1: Foul Ball, location: 2F 0-2: Ball 1-2: Foul Ball, location: 2F 1-2: Ball 2-2: Strikes out swinging
|
|
Batting: RHB Leo George
|
0-0: Called Strike 0-1: Ball 1-1: Ball 2-1: Ball 3-1: Base on Balls Steven Murray scores Jesse Vann to third Dan Murphy to second
|
|
Batting: RHB Stine Poole
|
0-0: Foul Ball, location: 2F 0-1: TRIPLE (Flyball, 78XD, EV 101.3 MPH) Jesse Vann scores Dan Murphy scores Leo George scores
|
|
Batting: RHB William Parmenter
|
0-0: Ball Wild Pitch! Stine Poole scores 1-0: Ball 2-0: Ball 3-0: Base on Balls
|
|
Batting: RHB Cliff Wherry
|
0-0: Swinging Strike 0-1: Ball 1-1: DOUBLE (Flyball, 8RD, EV 103.1 MPH) William Parmenter to third Runner from 3rd tries for Home, SAFE, no throw by CF
|
|
Pitching: RHP Gary Granke
|
|
|
Batting: LHB Andy Van Slyke
|
0-0: Called Strike 0-1: Swinging Strike 0-2: Ball 1-2: Foul Ball, location: 2F 1-2: Ball 2-2: Foul Ball, location: 2F 2-2: Foul Ball, location: 2F 2-2: Ground out 2-3 (Groundball, 2L, EV 68.8 MPH)
|
| Top of the 1st over - 6 runs, 3 hits, 0 errors, 1 left on base; El Paso 6 - El Paso 0 |
| BOTTOM OF THE 1ST |
|
El Paso Sun Kings batting - Pitching for El Paso Chihuahuas : LHP Juan Dorville
|
|
Pitching: LHP Juan Dorville
|
|
|
Batting: LHB Kevin Knuth
|
0-0: Called Strike 0-1: SINGLE (Line Drive, 9S, EV 97.5 MPH)
|
|
Batting: RHB Danny Ramires
|
0-0: Foul Ball, location: 2F 0-1: Called Strike 0-2: Ball 1-2: Strikes out swinging
|
|
Batting: RHB Chuckie Canady
|
0-0: Called Strike 0-1: Foul Ball, location: 2F 0-2: Fielders Choice at 2nd, 5-4 (Groundball, 5, EV 81.3 MPH)
|
|
Batting: RHB Jimmy Waugh
|
0-0: Ball 1-0: Called Strike 1-1: Foul Ball, location: 2F 1-2: Strikes out swinging
|
| Bottom of the 1st over - 0 runs, 1 hit, 0 errors, 1 left on base; El Paso 6 - El Paso 0 |
| TOP OF THE 2ND |
|
El Paso Chihuahuas batting - Pitching for El Paso Sun Kings : RHP Gary Granke
|
|
Batting: RHB Steven Murray
|
0-0: Swinging Strike 0-1: Foul Ball, location: 2F 0-2: Ball 1-2: Strikes out swinging
|
|
Batting: RHB Jesse Vann
|
0-0: Ball 1-0: Ball 2-0: Ball 3-0: Base on Balls
|
|
Batting: LHB Dan Murphy
|
0-0: Called Strike 0-1: Ball 1-1: Swinging Strike 1-2: Foul Ball, location: 2F 1-2: Ball 2-2: Strikes out swinging
|
|
Batting: RHB Tom Roarke
|
0-0: Called Strike 0-1: Swinging Strike 0-2: Strikes out looking
|
| Top of the 2nd over - 0 runs, 0 hits, 0 errors, 1 left on base; El Paso 6 - El Paso 0 |
| BOTTOM OF THE 2ND |
|
El Paso Sun Kings batting - Pitching for El Paso Chihuahuas : LHP Juan Dorville
|
|
Batting: RHB Jon Hansen
|
0-0: Ball 1-0: Called Strike 1-1: Fly out, F9 (Flyball, 9, EV 88.1 MPH)
|
|
Batting: LHB Stanley Hendrickson
|
0-0: Ball 1-0: Ball 2-0: Ground out 5-3 (Groundball, 56S, EV 79.4 MPH)
|
|
Batting: SHB Danny Torres
|
0-0: Called Strike 0-1: Fly out, F9 (Flyball, 9LM, EV 80.0 MPH)
|
| Bottom of the 2nd over - 0 runs, 0 hits, 0 errors, 0 left on base; El Paso 6 - El Paso 0 |
| TOP OF THE 3RD |
|
El Paso Chihuahuas batting - Pitching for El Paso Sun Kings : RHP Gary Granke
|
|
Batting: RHB Leo George
|
0-0: Ball 1-0: Foul Ball, location: 2F 1-1: Ground out 6-3 (Groundball, 6, EV 108.8 MPH)
|
|
Batting: RHB Stine Poole
|
0-0: Foul Ball, location: 2F 0-1: Ball 1-1: Ball 2-1: Foul Ball, location: 2F 2-2: Strikes out looking
|
|
Batting: RHB William Parmenter
|
0-0: Called Strike 0-1: Ball 1-1: Fly out, F6 (Line Drive, 6, EV 66.9 MPH)
|
| Top of the 3rd over - 0 runs, 0 hits, 0 errors, 0 left on base; El Paso 6 - El Paso 0 |
| BOTTOM OF THE 3RD |
|
El Paso Sun Kings batting - Pitching for El Paso Chihuahuas : LHP Juan Dorville
|
|
Batting: RHB Cecil Strawn
|
0-0: Ball 1-0: Ball 2-0: Fly out, F7 (Flyball, 7LS, EV 95.6 MPH)
|
|
Batting: RHB Carlos Rios
|
0-0: Ground out 4-3 (Groundball, 4, EV 103.1 MPH)
|
|
Batting: LHB Kevin Knuth
|
0-0: Called Strike 0-1: Ground out 6-3 (Groundball, 6, EV 83.8 MPH)
|
| Bottom of the 3rd over - 0 runs, 0 hits, 0 errors, 0 left on base; El Paso 6 - El Paso 0 |
| TOP OF THE 4TH |
|
El Paso Chihuahuas batting - Pitching for El Paso Sun Kings : RHP Gary Granke
|
|
Batting: RHB Cliff Wherry
|
0-0: Called Strike 0-1: Foul Ball, location: 2F 0-2: Foul Ball, location: 2F 0-2: SINGLE (Line Drive, 89S, EV 97.5 MPH)
|
|
Batting: LHB Andy Van Slyke
|
0-0: Swinging Strike 0-1: SINGLE (Line Drive, 7LS, EV 101.3 MPH) Cliff Wherry to second
|
|
Batting: RHB Steven Murray
|
0-0: Ball 1-0: Ball 2-0: Foul Ball, location: 2F 2-1: Ball 3-1: Base on Balls Cliff Wherry to third Andy Van Slyke to second
|
|
Batting: RHB Jesse Vann
|
0-0: Ball 1-0: Called Strike 1-1: Swinging Strike 1-2: Foul Ball, location: 2F 1-2: Strikes out swinging
|
|
Batting: LHB Dan Murphy
|
0-0: Ball 1-0: Ball 2-0: Ball 3-0: Base on Balls Cliff Wherry scores Andy Van Slyke to third Steven Murray to second
|
|
Batting: RHB Tom Roarke
|
0-0: Ball 1-0: Called Strike 1-1: Foul Ball, location: 2F 1-2: Foul Ball, location: 2F 1-2: Ball 2-2: Ball 3-2: Base on Balls Andy Van Slyke scores Steven Murray to third Dan Murphy to second
|
|
Batting: RHB Leo George
|
0-0: Ball 1-0: Ball 2-0: Ball 3-0: Base on Balls Steven Murray scores Dan Murphy to third Tom Roarke to second
|
|
Pitching: RHP John Harness
|
|
|
Batting: RHB Stine Poole
|
0-0: Called Strike 0-1: Ball 1-1: Grounds into double play, 5-4-3 (Groundball, 5, EV 85.0 MPH)
|
| Top of the 4th over - 3 runs, 2 hits, 0 errors, 2 left on base; El Paso 9 - El Paso 0 |
| BOTTOM OF THE 4TH |
|
El Paso Sun Kings batting - Pitching for El Paso Chihuahuas : LHP Juan Dorville
|
|
Batting: RHB Danny Ramires
|
0-0: Ball 1-0: Foul Ball, location: 2F 1-1: Fly out, F3 (Popup, 34S, EV 76.9 MPH)
|
|
Batting: RHB Chuckie Canady
|
0-0: Swinging Strike 0-1: Called Strike 0-2: Strikes out looking
|
|
Batting: RHB Jimmy Waugh
|
0-0: Ball 1-0: Ball 2-0: Ball 3-0: Called Strike 3-1: Fly out, F7 (Flyball, 7S, EV 80.6 MPH)
|
| Bottom of the 4th over - 0 runs, 0 hits, 0 errors, 0 left on base; El Paso 9 - El Paso 0 |
| TOP OF THE 5TH |
|
El Paso Chihuahuas batting - Pitching for El Paso Sun Kings : RHP John Harness
|
|
Batting: RHB William Parmenter
|
0-0: Ball 1-0: Called Strike 1-1: Ground out 5-3 (Groundball, 5, EV 85.0 MPH)
|
|
Batting: RHB Cliff Wherry
|
0-0: DOUBLE (Line Drive, 9LS, EV 98.8 MPH)
|
|
Batting: LHB Andy Van Slyke
|
0-0: DOUBLE (Line Drive, 9LS, EV 93.1 MPH) Cliff Wherry scores
|
|
Batting: RHB Steven Murray
|
0-0: Called Strike 0-1: Ball 1-1: Ball 2-1: Foul Ball, location: 2F 2-2: Hit by Pitch
|
|
Batting: RHB Jesse Vann
|
0-0: Ball 1-0: Reached on error, E6 (Groundball, 6, EV 100.0 MPH) Andy Van Slyke to third Steven Murray to second
|
|
Batting: LHB Dan Murphy
|
0-0: Ball 1-0: Called Strike 1-1: Foul Ball, location: 2F 1-2: Foul Ball, location: 2F 1-2: Fly out, F8 (Line Drive, 8LD, EV 86.3 MPH) Runner from 3rd tags up, OUT at HOME! 8-2
|
| Top of the 5th over - 1 run, 2 hits, 1 error, 2 left on base; El Paso 10 - El Paso 0 |
| BOTTOM OF THE 5TH |
|
El Paso Sun Kings batting - Pitching for El Paso Chihuahuas : LHP Juan Dorville
|
|
Batting: RHB Jon Hansen
|
0-0: Foul Ball, location: 2F 0-1: Fly out, F8 (Flyball, 89D, EV 83.8 MPH)
|
|
Batting: LHB Stanley Hendrickson
|
0-0: Foul Ball, location: 2F 0-1: Swinging Strike 0-2: Ball 1-2: Foul Ball, location: 2F 1-2: Foul Ball, location: 2F 1-2: Foul Ball, location: 2F 1-2: Ball 2-2: Ball 3-2: SINGLE (Groundball, P, EV 79.4 MPH) (infield hit)
|
|
Batting: SHB Danny Torres
|
0-0: Ball 1-0: SINGLE (Line Drive, 3, EV 71.9 MPH) (infield hit) Stanley Hendrickson to second
|
|
Batting: RHB Cecil Strawn
|
0-0: Ball 1-0: Swinging Strike 1-1: Fly out, F8 (Flyball, 78XD, EV 100.6 MPH) Runner from 2nd tags up, SAFE at 3rd, no throw by CF
|
|
Batting: RHB Carlos Rios
|
0-0: Ball 1-0: Called Strike 1-1: Ball 2-1: Swinging Strike 2-2: Foul Ball, location: 2F 2-2: SINGLE (Line Drive, 7S, EV 92.5 MPH) Stanley Hendrickson scores Danny Torres to second
|
|
Batting: LHB Kevin Knuth
|
0-0: Called Strike 0-1: Ball 1-1: Ball 2-1: Foul Ball, location: 2F 2-2: Ball 3-2: Foul Ball, location: 2F 3-2: Fly out, F4 (Flyball, 34D, EV 96.9 MPH)
|
| Bottom of the 5th over - 1 run, 3 hits, 0 errors, 2 left on base; El Paso 10 - El Paso 1 |
| TOP OF THE 6TH |
|
El Paso Chihuahuas batting - Pitching for El Paso Sun Kings : RHP John Harness
|
|
Batting: RHB Tom Roarke
|
0-0: Foul Ball, location: 2F 0-1: Swinging Strike 0-2: Ball 1-2: Foul Ball, location: 2F 1-2: Ball 2-2: Ball 3-2: Foul Ball, location: 2F 3-2: Foul Ball, location: 2F 3-2: Ground out 6-3 (Groundball, 6, EV 83.1 MPH)
|
|
Batting: RHB Leo George
|
0-0: Called Strike 0-1: Ball 1-1: Called Strike 1-2: Ground out 4-3 (Groundball, 4, EV 89.4 MPH)
|
|
Batting: RHB Stine Poole
|
0-0: Ball 1-0: Ball 2-0: Ball 3-0: Called Strike 3-1: Called Strike 3-2: SINGLE (Line Drive, 8LS, EV 91.9 MPH)
|
|
Batting: RHB William Parmenter
|
0-0: Ball 1-0: Swinging Strike 1-1: Ball 2-1: Foul Ball, location: 2F 2-2: Foul Ball, location: 2F 2-2: Ball 3-2: Foul Ball, location: 2F 3-2: Base on Balls Stine Poole to second
|
|
Batting: RHB Cliff Wherry
|
0-0: Ball 1-0: Ball 2-0: 3-RUN HOME RUN (Flyball, 78XD, EV 108.8 MPH), Distance : 400 ft
|
|
Pitching: RHP James Rogers
|
|
|
Batting: LHB Andy Van Slyke
|
0-0: Ball 1-0: Called Strike 1-1: Ball 2-1: Ball 3-1: Called Strike 3-2: SINGLE (Line Drive, 78S, EV 96.9 MPH)
|
|
Batting: RHB Steven Murray
|
0-0: Foul Ball, location: 2F 0-1: Foul Ball, location: 2F 0-2: Strikes out swinging
|
| Top of the 6th over - 3 runs, 3 hits, 0 errors, 1 left on base; El Paso 13 - El Paso 1 |
| BOTTOM OF THE 6TH |
|
El Paso Sun Kings batting - Pitching for El Paso Chihuahuas : LHP Juan Dorville
|
|
Batting: RHB Danny Ramires
|
0-0: Ground out 1-3 (Groundball, 13S, EV 70.0 MPH)
|
|
Batting: RHB Chuckie Canady
|
0-0: Ball 1-0: Called Strike 1-1: Ground out 4-3 (Groundball, 4S, EV 83.8 MPH)
|
|
Batting: RHB Jimmy Waugh
|
0-0: Fly out, F7 (Flyball, 7D, EV 101.9 MPH)
|
| Bottom of the 6th over - 0 runs, 0 hits, 0 errors, 0 left on base; El Paso 13 - El Paso 1 |
| TOP OF THE 7TH |
|
El Paso Chihuahuas batting - Pitching for El Paso Sun Kings : RHP James Rogers
|
|
Pinch Hitting: RHB Gary Kaczor
|
0-0: Ball 1-0: Ball 2-0: Called Strike 2-1: SOLO HOME RUN (Flyball, 9D, EV 100.0 MPH), Distance : 366 ft
|
|
Batting: LHB Dan Murphy
|
0-0: Ball 1-0: Fly out, F5 (Popup, 56, EV 62.5 MPH)
|
|
Batting: RHB Tom Roarke
|
0-0: Ball 1-0: Swinging Strike 1-1: Ball 2-1: Swinging Strike 2-2: Foul Ball, location: 2F 2-2: Ball 3-2: Foul Ball, location: 2F 3-2: Ground out 5-3 (Groundball, 56, EV 86.9 MPH)
|
|
Batting: RHB Leo George
|
0-0: Called Strike 0-1: Called Strike 0-2: Strikes out swinging
|
| Top of the 7th over - 1 run, 1 hit, 0 errors, 0 left on base; El Paso 14 - El Paso 1 |
| BOTTOM OF THE 7TH |
|
El Paso Sun Kings batting - Pitching for El Paso Chihuahuas : LHP Juan Dorville
|
|
Now in CF: Gary Kaczor
|
|
|
Pinch Hitting: SHB Wayne Stone
|
0-0: Swinging Strike 0-1: Swinging Strike 0-2: Strikes out swinging
|
|
Pinch Hitting: RHB William Cline
|
0-0: Ball 1-0: Called Strike 1-1: Ball 2-1: Foul Ball, location: 2F 2-2: Ball 3-2: Foul Ball, location: 2F 3-2: Fly out, F9 (Flyball, 9LM, EV 96.9 MPH)
|
|
Batting: SHB Danny Torres
|
0-0: Ball 1-0: Called Strike 1-1: Foul Ball, location: 2F 1-2: Fly out, F8 (Flyball, 8RD, EV 81.3 MPH)
|
| Bottom of the 7th over - 0 runs, 0 hits, 0 errors, 0 left on base; El Paso 14 - El Paso 1 |
| TOP OF THE 8TH |
|
El Paso Chihuahuas batting - Pitching for El Paso Sun Kings : RHP James Rogers
|
|
Now at 1B: Gary Bishop
|
|
|
Now in CF: Wayne Stone
|
|
|
Batting: RHB Stine Poole
|
0-0: Ball 1-0: Foul Ball, location: 2F 1-1: Swinging Strike 1-2: Ball 2-2: Foul Ball, location: 2F 2-2: Strikes out swinging
|
|
Batting: RHB William Parmenter
|
0-0: Ball 1-0: Foul Ball, location: 2F 1-1: Ground out 4-3 (Groundball, 4, EV 85.0 MPH)
|
|
Batting: RHB Cliff Wherry
|
0-0: Called Strike 0-1: Fly out, F8 (Line Drive, 8LD, EV 99.4 MPH)
|
| Top of the 8th over - 0 runs, 0 hits, 0 errors, 0 left on base; El Paso 14 - El Paso 1 |
| BOTTOM OF THE 8TH |
|
El Paso Sun Kings batting - Pitching for El Paso Chihuahuas : LHP Juan Dorville
|
|
Batting: RHB Cecil Strawn
|
0-0: Called Strike 0-1: Swinging Strike 0-2: Strikes out swinging, 2-3 out at first.
|
|
Batting: RHB Carlos Rios
|
0-0: Fly out, F9 (Flyball, 9LS, EV 82.5 MPH)
|
|
Batting: LHB Kevin Knuth
|
0-0: Ball 1-0: Ground out 4-3 (Groundball, 4, EV 81.9 MPH)
|
| Bottom of the 8th over - 0 runs, 0 hits, 0 errors, 0 left on base; El Paso 14 - El Paso 1 |
| TOP OF THE 9TH |
|
El Paso Chihuahuas batting - Pitching for El Paso Sun Kings : RHP James Rogers
|
|
Batting: LHB Andy Van Slyke
|
0-0: Ball 1-0: Ball 2-0: Fly out, F7 (Flyball, 78M, EV 79.4 MPH)
|
|
Batting: RHB Steven Murray
|
0-0: Ball 1-0: Fly out, F8 (Line Drive, 8LD, EV 96.3 MPH)
|
|
Batting: RHB Gary Kaczor
|
0-0: Called Strike 0-1: Foul Ball, location: 2F 0-2: Ball 1-2: Ball 2-2: Ball 3-2: Foul Ball, location: 2F 3-2: SINGLE (Line Drive, 78S, EV 103.8 MPH)
|
|
Batting: LHB Dan Murphy
|
0-0: Ball 1-0: Swinging Strike 1-1: Ball 2-1: Ball 3-1: Called Strike 3-2: Fly out, F8 (Flyball, 78M, EV 88.1 MPH)
|
| Top of the 9th over - 0 runs, 1 hit, 0 errors, 1 left on base; El Paso 14 - El Paso 1 |
| BOTTOM OF THE 9TH |
|
El Paso Sun Kings batting - Pitching for El Paso Chihuahuas : LHP Juan Dorville
|
|
Batting: RHB Danny Ramires
|
0-0: Ground out 6-3 (Groundball, P, EV 83.1 MPH)
|
|
Batting: RHB Chuckie Canady
|
0-0: Called Strike 0-1: Foul Ball, location: 2F 0-2: Fly out, F9 (Flyball, 9S, EV 88.8 MPH)
|
|
Batting: RHB Jimmy Waugh
|
0-0: Ball 1-0: Foul Ball, location: 2F 1-1: DOUBLE (Flyball, 8LXD, EV 102.5 MPH)
|
|
Batting: SHB Wayne Stone
|
0-0: Ball 1-0: Ball 2-0: Reached on error, E5 (Groundball, 5, EV 83.8 MPH) Jimmy Waugh to third
|
|
Pitching: RHP Alejandro Pena
|
|
|
Batting: LHB Gary Bishop
|
0-0: Foul Ball, location: 2F 0-1: Ball 1-1: Ball 2-1: Ball 3-1: Foul Ball, location: 2F 3-2: Ground out 4-3 (Groundball, 4, EV 90.0 MPH)
|
| Bottom of the 9th over - 0 runs, 1 hit, 1 error, 2 left on base; El Paso 14 - El Paso 1 |
|